 Dungeon Crawl Stone Soup version 0.28-a0-683-ga8797d1ae1 (webtiles) character file.

Game seed: 14510464361139888551

950 Vodalian the Skirmisher (level 7, -2/96 HPs)
             Began as a Minotaur Berserker on Oct 10, 2021.
             Was a Priest of Trog.
             Slain by a gnoll sergeant (7 damage)
             ... on level 5 of the Dungeon on Oct 18, 2021.
             The game lasted 00:12:06 (4786 turns).

Vodalian the Skirmisher (Minotaur Berserker)        Turns: 4786, Time: 00:12:06

Health: -2/96      AC: 11    Str: 22    XL:     7   Next: 90%
Magic:  6/6        EV:  9    Int:  4    God:    Trog [***...]
Gold:   229        SH:  0    Dex: 11    Spells: 6/6 levels left

rFire   . . .      SeeInvis .   k - +0 war axe
rCold   . . .      Faith    .   (no shield)
rNeg    . . .      Spirit   .   o - +0 chain mail
rPois   .          Reflect  .   (helmet restricted)
rElec   .          Harm     .   j - +0 cloak
rCorr   .          Rampage  .   (no gloves)
Will    .....                   (no boots)
Stlth   ..........              (no amulet)
HPRegen 0.26/turn               (no ring)
MPRegen 0.10/turn               (no ring)

@: berserking (expiring), very quick
A: horns 2, retaliatory headbutt
a: Renounce Religion, Berserk, Trog's Hand


You were on level 5 of the Dungeon.
You worshipped Trog.
Trog was most pleased with you.
You visited 1 branch of the dungeon, and saw 5 of its levels.

You collected 229 gold pieces.

Inventory:

Hand Weapons
 k - a +0 war axe (weapon)
Armour
 j - a +0 cloak (worn)
 o - a +0 chain mail (worn)
 p - the +0 ring mail of the Onion {rElec rC+ rN+ Str+4}
   (You found it on level 4 of the Dungeon)

   Str:       It affects your strength (+4).
   rC:        It protects you from cold.
   rElec:     It insulates you from electricity.
   rN:        It protects you from negative energy.
Jewellery
 d - an amulet of guardian spirit
 i - an amulet of regeneration
Wands
 m - a wand of paralysis (3)
 n - a wand of polymorph (8)
Scrolls
 a - a scroll of identify {unknown}
 b - 2 scrolls of amnesia {unknown}
 h - 2 scrolls of enchant armour {unknown}
 l - a scroll of enchant weapon {unknown}
Potions
 c - a potion of magic {unknown}
 e - 4 potions of flight {unknown}
 f - 2 potions of might {unknown}
 g - a potion of attraction {unknown}
 q - a potion of curing
 r - 2 potions of brilliance {unknown}


   Skills:
 * Level 6.9 Fighting
 * Level 6.8 Axes
 * Level 6.1 Armour
 + Level 4.3 Dodging


You had 6 spell levels left.
You didn't know any spells.
Your spell library was empty.

Dungeon Overview and Level Annotations

Branches:
Dungeon (5/15)             Temple (0/1) D:4

Altars:
Kikubaaqudgha
Sif Muna

Shops:
D:2 [


Innate Abilities, Weirdness & Mutations

You have a pair of horns on your head.
You reflexively headbutt those who attack you in melee.


Message History

The gnoll hits you with a +0 spear.
The gnoll sergeant hits you with a +0 trident.
* * * LOW HITPOINT WARNING * * *
Things that are here:
a +0 club; a gnoll corpse You slash the gnoll!
You kill the gnoll!
Trog accepts your kill.
You slash the gnoll sergeant!
Your chain mail prevents you from hitting the gnoll.
The gnoll barely misses you. The gnoll hits you but does no damage.
You completely miss the gnoll. Your headbutt misses the gnoll.
You barely miss the gnoll sergeant. The gnoll sergeant closely misses you.
The gnoll hits you from afar with a +0 halberd.
* * * LOW HITPOINT WARNING * * *
The gnoll hits you but does no damage.
You slice the gnoll!!
You kill the gnoll!
Trog accepts your kill. The gnoll sergeant blocks your attack.
The gnoll sergeant hits you with a +0 trident.
* * * LOW HITPOINT WARNING * * *
The gnoll hits you from afar with a +0 halberd.
* * * LOW HITPOINT WARNING * * *
You barely miss the gnoll sergeant.
Your headbutt misses the gnoll sergeant.
The gnoll sergeant is moderately wounded.
The gnoll sergeant hits you with a +0 trident!
* * * LOW HITPOINT WARNING * * *
The gnoll barely misses you.
Unknown command.
You hit the gnoll sergeant.
The gnoll sergeant is heavily wounded.
The gnoll sergeant hits you with a +0 trident.
* * * LOW HITPOINT WARNING * * *
The gnoll closely misses you.
The gnoll sergeant blocks your attack. x2
The gnoll sergeant is heavily wounded.
The gnoll sergeant hits you with a +0 trident!
You die...

##...###.##.###...# #.
#....)#...#..#........
#.....#...#..#........
#.....#...#..#........
#.....#.>.#..#........
#.....#...#..#
###..######.##
#.###..###.##.# ######
.......)@)g.....
#.....
........)g......
#.....
................
#.....
................#
#..)..
................ .
+.....
##..##..###.##.#
#.##..## ### #..# .#
###.##..## ... ..
+........ #........


You could see a gnoll sergeant and a gnoll.

Vanquished Creatures
  A steam dragon (D:5)
  A sky beast (D:4)
  2 ogres (D:4)
  A necrophage (D:4)
  A water moccasin zombie (D:5)
  2 hounds
  An orc priest (D:4)
  A jelly (D:5)
  An iguana (D:5)
  2 orc wizards
  8 gnolls
  3 adders
  A shadow imp (D:3)
  An ufetubus (D:5)
  A worm (D:2)
  2 dart slugs
  10 orcs
  8 ball pythons
  2 endoplasms
  A giant cockroach (D:1)
  4 goblins
  8 hobgoblins
  4 jackals (D:3)
  4 kobolds
  6 quokkas
  7 bats
  3 frilled lizards
  7 rats
93 creatures vanquished.

Notes
Turn   | Place    | Note
-------+----------+-------------------------------------------
     0 | D:1      | Vodalian the Minotaur Berserker began the quest for the
                  | Orb.
     0 | D:1      | Reached XP level 1. HP: 19/19 MP: 0/0
   178 | D:1      | Found a faded altar of an unknown god.
   368 | D:1      | Reached XP level 2. HP: 21/27 MP: 1/1
  1190 | D:2      | Reached XP level 3. HP: 23/33 MP: 2/2
  1299 | D:2      | Upgraded the game from 0.28-a0-643-g84cb2ea78e to
                  | 0.28-a0-674-gdaf460b524
  1312 | D:2      | Found Yhaptaon's Armour Shop.
  1365 | D:2      | Reached ** piety under Trog
  1426 | D:2      | Reached XP level 4. HP: 5/41 MP: 3/3
  2046 | D:3      | Found an ancient bone altar of Kikubaaqudgha.
  2575 | D:3      | Upgraded the game from 0.28-a0-674-gdaf460b524 to
                  | 0.28-a0-683-ga8797d1ae1
  2918 | D:4      | Reached XP level 5. HP: 27/47 MP: 4/4
  3093 | D:4      | Found a staircase to the Ecumenical Temple.
  3110 | D:4      | Noticed an ogre
  3111 | D:4      | Noticed a necrophage
  3115 | D:4      | Killed an ogre
  3116 | D:4      | Reached skill level 5 in Fighting
  3116 | D:4      | Reached skill level 5 in Axes
  3116 | D:4      | Killed a necrophage
  3117 | D:4      | Reached XP level 6. HP: 56/56 MP: 5/5
  3343 | D:4      | Noticed a sky beast
  3350 | D:4      | Killed a sky beast
  3351 | D:4      | Reached skill level 5 in Armour
  3411 | D:4      | Identified the +0 ring mail of the Onion {rElec rC+ rN+
                  | Str+4}
  3639 | D:4      | Reached XP level 7. HP: 10/63 MP: 6/6
  4194 | D:5      | Entered Level 5 of the Dungeon
  4198 | D:5      | Noticed a steam dragon
  4207 | D:5      | Killed a steam dragon
  4429 | D:5      | Found a shimmering blue altar of Sif Muna.
  4694 | D:5      | Reached *** piety under Trog
  4786 | D:5      | Slain by a gnoll sergeant

Illustrated notes

Levels and vault maps discovered:
D:1:      dpeg_arrival_stone_temple_mockup, layout_basic,
          hellmonk_ecumenical_altar_pennies_from_heaven, solitary_fountain,
          minmay_misc_feat_tiny, minmay_small_reverse_x
D:2:      layout_basic, serial_shops, nicolae_shop_statue_plus
D:3:      layout_basic, nicolae_overflow_crystal_walls
D:4:      cheibrodos_helix_gallery, layout_loops_ring,
          minmay_temple_entry_antechambers, kennysheep_generic_room_11
D:5:      layout_gridville, kennysheep_mini_moat, lemuel_crystal_altar,
          corexii_item_surrounded_by_moat, minmay_misc_feat_tower,
          palyth_stone_intersect

Skill      XL: |  1  2  3  4  5  6  7 |
---------------+----------------------+-----
Axes           | 4 5 6 |  6.8
Fighting       | 4 5 6 |  6.9
Armour         | 3 4 5 6 |  6.1
Dodging        | 3 4 |  4.3

Action                   |  1- 3 |  4- 6 |  7- 9 || total
-------------------------+-------+-------+-------++-------
Melee: Hand axe          |    83 |    51 |       ||   134
       Headbutt          |    10 |    11 |    18 ||    39
       War axe           |       |    47 |    67 ||   114
Invok: Berserk           |       |     2 |     1 ||     3
Armor: Animal skin       |     6 |       |       ||     6
       Leather armour    |    14 |    21 |       ||    35
       Chain mail        |       |       |    44 ||    44
Dodge: Dodged            |    52 |    65 |    47 ||   164

Table legend: (Time is in decaauts)
 A = Elapsed time spent in this place.
 B = Non-inter-level travel time spent in this place.
 C = Inter-level travel time spent in this place.
 D = Time resting spent in this place.
 E = Time spent auto-exploring this place.
 F = Levels seen in this place.
 G = Mean time per level.
                   A        B        C        D        E       F      G
               +--------+--------+--------+--------+--------+-----+--------+
         Total |   4843 |   4733 |    110 |    275 |   3764 |   5 |  968.6 |
       Dungeon |   4843 |   4733 |    110 |    275 |   3764 |   5 |  968.6 |
               +--------+--------+--------+--------+--------+-----+--------+

Top non-repeatable levels by time:
     D:4: 1343 daAuts
     D:1: 1184 daAuts
     D:2: 870 daAuts
     D:3: 846 daAuts
     D:5: 599 daAuts
